AoeStats
← Kanyaga

Arabia

507895643Analyzed
1v1 RM · 13d ago on Sep 20, 2026· 40m 9s· 2 players
Game mode
Random Map
Map size
Tiny (2 player)
Population
200
Speed
Normal
Resources
Standard
Victory
Conquest
Starting age
Dark Age
Ending age
Imperial Age
RankedLock teamsTeams togetherTeam positionsShared explorationLock speedFull tech treeHidden civsTurbo modeCheats
Victory
Defeat
🇲🇽 Vietnamese · Mexico
1582
+11
🇹🇷 Persians · Türkiye
1465
-11
florida
5:10 Loom
9:24 Feudal Age
9:58 Double-Bit Axe
9:58 Horse Collar
19:42 Castle Age
17:54 Padded Archer Armor
18:30 Gold Mining
20:15 Fletching
20:36 Bow Saw
20:27 Heavy Plow
21:04 Wheelbarrow
19:58 Crossbowman
21:28 Bodkin Arrow
23:20 Pikeman
24:57 Stone Mining
26:33 Ballistics
26:31 Hand Cart
31:44 Scale Mail Armor
37:09 Imperial Age
35:50 Chain Mail Armor
36:46 Forging
37:17 Thumb Ring
38:09 Iron Casting
37:50 Leather Archer Armor
37:56 Bracer
37:20 Arbalester
39:02 Chemistry
37:53 Halberdier
39:52 Plate Mail Armor
Kanyaga
6:09 Loom
8:35 Feudal Age
9:10 Double-Bit Axe
15:29 Horse Collar
17:15 Wheelbarrow
20:30 Castle Age
19:13 Bloodlines
20:20 Scale Barding Armor
20:26 Forging
21:34 Bow Saw
22:06 Chain Barding Armor
25:04 Husbandry
25:30 Bow Saw
28:38 Fletching
28:49 Padded Archer Armor
30:02 Parthian Tactics
35:39 Imperial Age
33:52 Bodkin Arrow
34:01 Bodkin Arrow
34:14 Light Cavalry
35:11 Leather Archer Armor
36:17 Ballistics
39:07 Chemistry
40:02 Thumb Ring
Connection lost

Rejoining the realm…

Still unreachable

The connection could not be restored.

Session expired

The server has moved on; the page needs a fresh start.